 Dungeon Crawl Stone Soup version 0.28.0-45-g0d030f2227 (webtiles) character file.

Game seed: 6861719863927434055

10 DuloT34 the Ruffian (level 2, -2/25 HPs)
             Began as a Naga Transmuter on Apr 22, 2022.
             Was a Plaything of Xom.
             Slain by a jackal (3 damage)
             ... on level 1 of the Dungeon.
             The game lasted 00:01:35 (418 turns).

DuloT34 the Ruffian (Naga Transmuter)                Turns: 418, Time: 00:01:35

Health: -2/25      AC:  1    Str: 12    XL:     2   Next: 20%
Magic:  4/5        EV:  9    Int: 13    God:    Xom [.....*]
Gold:   10         SH:  0    Dex: 11    Spells: 4/5 levels left

rFire   + . .      SeeInvis +     - Unarmed
rCold   + . .      Faith    .   (no shield)
rNeg    . . .      Spirit   .   a - +0 robe
rPois   +          Reflect  .   (no helmet)
rElec   .          Harm     .   b - scarf {rC+ rF+}
rCorr   .          Rampage  .   (no gloves)
Will    .....                   (no barding)
Stlth   +.........              (no amulet)
HPRegen 0.08/turn               (no ring)
MPRegen 0.09/turn               (no ring)

@: very slow
A: AC +0, large, see invisible, deformed body, poison resistance, slowness 2,
spit poison 1, naga tail 1
a: Spit Poison, Renounce Religion


You were on level 1 of the Dungeon.
You worshipped Xom.
You were Xom's teddy bear.
You visited 1 branch of the dungeon, and saw 1 of its levels.

You collected 10 gold pieces.

Inventory:

Armour
 a - a +0 robe (worn)
 b - a scarf of resistance (worn)


   Skills:
 - Level 1.0 Fighting
 - Level 1.5 Dodging
 - Level 3.0 Unarmed Combat
 - Level 2.0 Spellcasting
 + Level 2.8 Transmutations


You had 4 spell levels left.
You knew the following spells:

 Your Spells              Type           Power      Damage    Failure   Level
a - Beastly Appendage     Tmut           16%        N/A       8%          1

Your spell library contained the following spells:

 Spells                   Type           Power      Damage    Failure   Level
 Wereblood                Tmut           8%         N/A       12%         2
 Spider Form              Tmut/Pois      5%         N/A       38%         3
 Ice Form                 Ice/Tmut       5%         N/A       80%         4


Dungeon Overview and Level Annotations

Branches:
Dungeon (1/15)

Altars:
Xom


Innate Abilities, Weirdness & Mutations

Your serpentine skin is tough. (AC +0)
You have supernaturally acute eyesight. (SInv)
Armour fits poorly on your strangely shaped body.
Your system is resistant to poisons. (rPois)
You cover ground very slowly.
You can spit poison.
You have a snake-like lower body.


Message History

Casting: Beastly Appendage (safe; 9% risk of failure)
Confirm with . or Enter, or press ? or * to list all spells.
You don't know that spell.
The jackal bites you. The jackal bites you.
Your magical contamination has completely faded away.
The jackal bites you.
You hit the jackal but do no damage.
The jackal is severely wounded.
The jackal bites you. x2
You hit the jackal.
The jackal is almost dead.
The jackal completely misses you.
You hit the jackal.
You kill the jackal!
The ball python bites you.
You closely miss the ball python. The ball python closely misses you.
You barely miss the ball python.
Your horns disappear.
The ball python bites you.
* * * LOW HITPOINT WARNING * * *
You hit the ball python.
You kill the ball python!
The jackal bites you but does no damage.
You barely miss the jackal. The jackal bites you.
* * * LOW HITPOINT WARNING * * *
You hit the jackal.
The jackal is severely wounded.
The jackal bites you but does no damage.
You barely miss the jackal.
The jackal is severely wounded.
The jackal bites you.
* * * LOW HITPOINT WARNING * * *
The jackal bites you.
* * * LOW HITPOINT WARNING * * *
You closely miss the jackal.
The jackal is heavily wounded.
The jackal bites you.
You die... "What!?
That's it?"

#.####...#########.......
#........#.......#.#....
......##...........#..#
......##...###.#.#....#
......##.#####........#.#
......+....†.............
......##.#.....#h#.###...
......##.#.....#h#.#
##+#####.#.....#@#.#
##>........###.#.#.#
#....#.#.#..........
#.#.................
#.#..##..#.........#
#.#................#
..#....#.#.#.#......
..#.#.##.............
#.#+#.####.#†..#....


You could see 2 jackals.

Vanquished Creatures
  A bat (D:1)
  3 jackals (D:1)
  2 ball pythons (D:1)
  5 rats (D:1)
11 creatures vanquished.

Notes
Turn   | Place    | Note
-------+----------+-------------------------------------------
     0 | D:1      | DuloT34 the Naga Transmuter began the quest for the Orb.
     0 | D:1      | Reached XP level 1. HP: 18/18 MP: 3/3
    59 | D:1      | Found a faded altar of an unknown god.
    71 | D:1      | Prayed at the altar of an unknown god.
    71 | D:1      | Became a worshipper of Xom the Random Number God
   108 | D:1      | XOM: silly message
   308 | D:1      | Reached XP level 2. HP: 25/25 MP: 3/5
   417 | D:1      | HP: 1/25 [jackal (1)]
   418 | D:1      | Slain by a jackal

Illustrated notes

Levels and vault maps discovered:
D:1:      erik_arrival_orb_chamber, layout_basic,
          shapermc_ecumenical_altar_flowoftime

Action                   || total
-------------------------++-------
Melee: Unarmed           ||    40
       Headbutt          ||     1
 Cast: Beastly Appendage ||     7
Armor: Robe              ||     5
Dodge: Dodged            ||    26
